AoeStats
← 🅡🅐🅨🅖🅞🅝

Black Forest

508479542Analyzed
4v4 RM · 9d ago on Sep 22, 2026· 16m 39s· 8 players
Game mode
Random Map
Map size
Large (8 player)
Population
200
Speed
Normal
Resources
Standard
Victory
Conquest
Starting age
Dark Age
Ending age
Imperial Age
RankedLock teamsTeams togetherTeam positionsShared explorationLock speedFull tech treeHidden civsTurbo modeCheats
Victory
Defeat
🇦🇷 Khitans · Argentina
1304
+11
🇨🇦 Cumans · Canada
1190
+15
🇹🇷 Dravidians · Türkiye
1123
+18
🇲🇽 Bulgarians · Mexico
1066
+20
🇨🇳 Georgians · China
1622
-30
🇹🇷 Mongols · Türkiye
1072
-13
1047
-12
🇩🇰 Khmer · Denmark
1000
-31
unclesam613
7:16 Loom
9:40 Feudal Age
10:07 Double-Bit Axe
10:08 Horse Collar
Rey de Copas
0:28 Loom
11:37 Feudal Age
13:20 Forging
13:10 Scale Mail Armor
12:58 Arson
ChuckMawHinneyS
0:36 Loom
13:14 Feudal Age
13:56 Double-Bit Axe
15:26 Horse Collar
__18_Kirito_Arg
10:10 Feudal Age
11:39 Loom
14:36 Castle Age
14:04 Double-Bit Axe
13:59 Domestication
14:11 Gold Mining
15:30 Town Watch
16:21 Wheelbarrow
17:02 Bow Saw
bymury111
11:06 Feudal Age
16:18 Castle Age
🅡🅐🅨🅖🅞🅝
12:28 Feudal Age
12:55 Double-Bit Axe
13:31 Horse Collar
Sakullius-of-Coursistan
2:16 Loom
13:52 Feudal Age
tim.13
Connection lost

Rejoining the realm…

Still unreachable

The connection could not be restored.

Session expired

The server has moved on; the page needs a fresh start.